 Dungeon Crawl Stone Soup version 0.30-a0-137-gd8773701ce (webtiles) character file.

Game seed: 15931975450362771297

59 LnG the Caller (level 4, -1/24 HPs)
             Began as a Kobold Summoner on Sept 23, 2022.
             Slain by a gnoll
             ... wielding a +0 flail
              (2 damage)
             ... on level 2 of the Dungeon.
             The game lasted 00:03:36 (1390 turns).

LnG the Caller (Kobold Summoner)                    Turns: 1390, Time: 00:03:37

Health: -1/24      AC:  4    Str:  5    XL:     4   Next: 22%
Magic:  1/7        EV: 15    Int: 18    God:
Gold:   42         SH:  0    Dex: 15    Spells: 2/8 levels left

rFire   . . .      SeeInvis .    d - +1 dagger
rCold   . . .      Faith    .    (no shield)
rNeg    . . .      Spirit   .    a - +0 robe
rPois   .          Reflect  .    (no helmet)
rElec   .          Harm     .    (no cloak)
rCorr   .          Rampage  .    f - +0 pair of gloves
Will    .....                    h - +0 pair of boots
Stlth   ++++......               (no amulet)
HPRegen 0.08/turn                (no ring)
MPRegen 0.10/turn                (no ring)

@: no status effects
A: small, no large weapons, nightstalker 3
a: no special abilities


You were on level 2 of the Dungeon.
You visited 1 branch of the dungeon, and saw 2 of its levels.

You collected 42 gold pieces.

Inventory:

Hand Weapons
 d - a +1 dagger (weapon)
Armour
 a - a +0 robe (worn)
 f - a +0 pair of gloves (worn)
 h - a +0 pair of boots (worn)
Scrolls
 g - a scroll of teleportation
Potions
 b - a potion of magic
 c - a potion of curing
 e - a potion of haste {unknown}


   Skills:
 + Level 0.1 Fighting
 + Level 0.2 Short Blades
 + Level 2.9 Dodging
 * Level 4.4 Stealth
 + Level 2.5 Spellcasting
 + Level 4.4 Summonings


You had 2 spell levels left.
You knew the following spells:

 Your Spells              Type           Power      Damage    Failure   Level
a - Summon Small Mammal   Summ           72%        N/A       2%          1
b - Call Imp              Summ           18%        N/A       4%          2
c - Call Canine Familiar  Summ           18%        N/A       9%          3

Your spell library contained the following spells:

 Spells                   Type           Power      Damage    Failure   Level
 Summon Guardian Golem    Hex/Summ       10%        N/A       21%         3
 Summon Lightning Spire   Summ/Air       10%        N/A       56%         4


Dungeon Overview and Level Annotations

Branches:
Dungeon (2/15)

Altars:


Innate Abilities, Weirdness & Mutations

You are small and have problems with some larger weapons.
You are completely attuned to the shadows.


Message History

The giant cockroach closely misses you. The hobgoblin closely misses you.
You completely miss the giant cockroach.
The giant cockroach closely misses you. The gnoll misses you.
The hobgoblin hits you.
Your white imp barely misses the hobgoblin.
You hit the giant cockroach.
The giant cockroach is moderately wounded.
The giant cockroach barely misses you. The gnoll completely misses you.
The gnoll barely misses you. The hobgoblin misses you.
Your white imp hits the hobgoblin but does no damage.
You hit the giant cockroach but do no damage.
The giant cockroach is moderately wounded.
The giant cockroach closely misses you. The gnoll misses you.
The gnoll completely misses you. The hobgoblin misses you.
Your white imp barely misses the hobgoblin.
You hit the giant cockroach but do no damage.
The giant cockroach is moderately wounded.
The giant cockroach bites you but does no damage.
The gnoll barely misses you. x2; The kobold hits you but does no damage.
The hobgoblin closely misses you.
Your white imp hits the hobgoblin.
Your white imp freezes the hobgoblin.
You hit the giant cockroach but do no damage.
The giant cockroach is moderately wounded.
The giant cockroach bites you. The gnoll barely misses you.
The giant cockroach bites you. The gnoll hits you with a +0 flail.
* * * LOW HITPOINT WARNING * * *
The kobold hits you but does no damage. The hobgoblin misses you.
Your white imp hits the hobgoblin.
The hobgoblin dies!
You closely miss the giant cockroach.
The giant cockroach is moderately wounded.
The giant cockroach barely misses you.
The gnoll hits you from afar with a +0 halberd.
* * * LOW HITPOINT WARNING * * *
The gnoll completely misses you. The kobold barely misses you.
Unknown command.
You hit the giant cockroach but do no damage.
The giant cockroach is moderately wounded.
The giant cockroach misses you. The gnoll hits you with a +0 flail.
You die...

.......... .....###.#
................<#...
.................#..#
...B5..##............
...K@.g###..###......
#####g...........#..#
#....#.##.......#
###8.#.##.....†.#
+..#.##.#..#..# #.8###
###8............. #....#
#....#.##........
#....#####.#..#.##.....
##..........##.#.##..###


You could see 2 gnolls, a giant cockroach (ally target), a kobold and a friendly
white imp (summoned).

Vanquished Creatures
  An adder (D:2)
  A dart slug (D:2)
  2 bats (D:1)
  An endoplasm (D:1)
  A giant cockroach (D:1)
  3 goblins (D:1)
  2 hobgoblins (D:1)
  A kobold (D:1)
  3 quokkas
  2 ball pythons
  3 rats (D:1)
20 creatures vanquished.

Vanquished Creatures (collateral kills)
  A gnoll (D:2)
  An adder (D:2)
  2 hobgoblins
  2 kobolds
  A rat (D:1)
7 creatures vanquished.

Grand Total: 27 creatures vanquished

Notes
Turn   | Place    | Note
-------+----------+-------------------------------------------
     0 | D:1      | LnG the Kobold Summoner began the quest for the Orb.
     0 | D:1      | Reached XP level 1. HP: 10/10 MP: 3/3
   382 | D:1      | Reached XP level 2. HP: 15/15 MP: 1/5
  1124 | D:1      | Reached XP level 3. HP: 19/19 MP: 6/6
  1277 | D:2      | Learned a level 2 spell: Call Imp
  1281 | D:2      | Learned a level 3 spell: Call Canine Familiar
  1359 | D:2      | Reached XP level 4. HP: 20/24 MP: 0/7
  1389 | D:2      | HP: 1/24 [gnoll/+0 halberd (4)]
  1390 | D:2      | Slain by a gnoll

Illustrated notes

Levels and vault maps discovered:
D:1:      lightli_arrival_lavapool, layout_basic
D:2:      layout_basic, dreamdust_ecumenical_altar_angels_and_demons,
          st_stairs_9

Skill      XL: |  1  2  3 |
---------------+----------+-----
Stealth        | 3 4 |  4.4
Fighting       | |  0.1
Short Blades   | |  0.2
Dodging        | |  2.9
Spellcasting   | |  2.5
Summonings     | |  4.4

Action                   |  1- 3 |  4- 6 || total
-------------------------+-------+-------++-------
Melee: Unarmed           |     9 |       ||     9
       Dagger            |    42 |     9 ||    51
       Punch             |     2 |       ||     2
 Cast: Summon Small Mamm |    12 |       ||    12
       Call Imp          |     1 |     1 ||     2
       Call Canine Famil |     1 |       ||     1
  Use: Scroll            |     3 |       ||     3
 Stab: Sleeping          |    11 |       ||    11
Armor: Robe              |     6 |     4 ||    10
Dodge: Dodged            |    39 |    30 ||    69

Table legend: (Time is in decaauts)
 A = Elapsed time spent in this place.
 B = Non-inter-level travel time spent in this place.
 C = Inter-level travel time spent in this place.
 D = Time resting spent in this place.
 E = Time spent auto-exploring this place.
 F = Levels seen in this place.
 G = Mean time per level.
                   A        B        C        D        E       F      G
               +--------+--------+--------+--------+--------+-----+--------+
         Total |   1389 |   1378 |     11 |    352 |    781 |   2 |  694.5 |
       Dungeon |   1389 |   1378 |     11 |    352 |    781 |   2 |  694.5 |
               +--------+--------+--------+--------+--------+-----+--------+

Top non-repeatable levels by time:
     D:1: 1272 daAuts
     D:2: 116 daAuts
